 Dungeon Crawl Stone Soup version 0.29-a0-284-gf9362112df (webtiles) character file.

Game seed: 17182321925895214287

96 spaghetti the Digger (level 4, -2/39 HPs)
             Began as an Ogre Earth Elementalist on Mar 26, 2022.
             Was a Follower of Okawaru.
             Slain by an orc
             ... wielding a +0 flail
              (7 damage)
             ... on level 2 of the Dungeon.
             The game lasted 00:04:19 (2447 turns).

spaghetti the Digger (Ogre Earth Elementalist)      Turns: 2447, Time: 00:04:19

Health: -2/39      AC:  3    Str:  9 (12) XL:     4   Next: 67%
Magic:  5/7        EV:  9    Int: 16 (18) God:    Okawaru [*.....]
Gold:   116        SH:  0    Dex:  6 (9)  Spells: 1/7 levels left

rFire   . . .      SeeInvis .   i - +0 club {mace}
rCold   . . .      Faith    .   (no shield)
rNeg    . . .      Spirit   .   b - +0 robe
rPois   .          Reflect  .   (helmet restricted)
rElec   .          Harm     .   (no cloak)
rCorr   .          Rampage  .   (gloves unavailable)
Will    .....                   (boots unavailable)
Stlth   +.........              (no amulet)
HPRegen 0.13/turn               (no ring)
MPRegen 0.10/turn               (no ring)

@: no status effects
A: large, unfitting armour, tough skin 1
a: Renounce Religion, Heroism


You were on level 2 of the Dungeon.
You worshipped Okawaru.
Okawaru was aware of your devotion.
You visited 1 branch of the dungeon, and saw 2 of its levels.

You collected 116 gold pieces.


Innate Abilities, Weirdness & Mutations

You are too large for most types of armour.
You have tough skin. (AC +1)


   Skills:
 * Level 1.6 Maces & Flails
 - Level 1.7 Dodging
 - Level 1.4 Stealth
 - Level 2.4 Spellcasting
 * Level 1.3 Conjurations
 - Level 0.8 Transmutations
 + Level 3.7 Earth Magic
 + Level 1.2 Invocations


You had one spell level left.
You knew the following spells:

 Your Spells              Type           Power      Damage    Failure   Level
a - Sandblast             Erth           28%        2d8       4%          1
b - Passwall              Tmut/Erth      7%         N/A       12%         2
c - Stone Arrow           Conj/Erth      20%        3d8       22%         3

Your spell library contained the following spells:

 Spells                   Type           Power      Damage    Failure   Level
 Ensorcelled Hibernation  Hex/Ice        2%         N/A       30%         2
 Swiftness                Air            1%         N/A       52%         3
 Petrify                  Tmut/Erth      9%         N/A       58%         4

Inventory:

Hand Weapons
 c - a +0 dagger {short}
   (You took it off a goblin on level 1 of the Dungeon)
 e - a +0 dagger {short}
   (You took it off a kobold on level 1 of the Dungeon)
 i - a +0 club (weapon) {mace}
   (You found it on level 1 of the Dungeon)
Missiles
 a - 44 stones {throwing}
 l - 2 poisoned darts {throwing}
Armour
 b - a +0 robe (worn)
Jewellery
 j - an amulet of the acrobat
   (You found it on level 1 of the Dungeon)
Scrolls
 d - 7 scrolls of identify {unknown}

Dungeon Overview and Level Annotations

Branches:
Dungeon (2/15)

Altars:
Okawaru

### ### ####.# #.#######
..)..# #.......# ####.#
#.#####.# #.# #.......#
####.# ######..# .....#
#..#
.####################..#
............o.oo@......#
....#################.##
....# #.# ....# #.#
....# ############.#
....# #.....†......#
>...# #.############
....# #.# ##### #.#


You could see 3 orcs.


Message History

The adder barely misses you. The adder closely misses you. 😨 HP[-1]
You take 1 damage, and now have 15/39 hp.
You hit the adder. The adder bites you.
* * * LOW HITPOINT WARNING * * *
You are poisoned.
The adder poisons you! The adder closely misses you. 😨 HP[-1]
You take 1 damage, and now have 14/39 hp.
You feel better. The adder bites you.
You are poisoned.
The adder poisons you! 😮 HP[+8] MP[+1]
You regained 8 hp, and now have 22/39 hp.
Aiming: Sandblast (safe; 4% risk of failure)
Press: ? - help, Q - select action, (/) - cycle Shift-Dir - straight line, f/p - orc
Aim: an orc, wielding a +0 flail and wearing a +0 chain mail (can't see you, 86% to hit)
You feel a surge of power!
The blast of sand misses the adder.
The blast of sand hits the orc.
You feel sick. 😮 HP[-1] MP[-1]
You take 1 damage, and now have 21/39 hp.
You lost 1 mp, and now have 0/7 mp.
You hit the adder but do no damage.
You feel sick. The adder bites you but does no damage.
The adder closely misses you. 😨 HP[-2]
You take 2 damage, and now have 19/39 hp.
You miss the adder.
You feel sick. The adder bites you.
* * * LOW HITPOINT WARNING * * *
😨 HP[-3]
You take 3 damage, and now have 16/39 hp.
Okay, then.
You hit the adder but do no damage.
You feel sick.
You are no longer poisoned.
The adder barely misses you. The adder closely misses you. 😨 HP[-1]
You take 1 damage, and now have 15/39 hp.
You closely miss the adder.
The adder barely misses you. x2 😨 HP[+1]
You hit the adder but do no damage. The adder barely misses you.
You closely miss the adder. The adder bites you.
* * * LOW HITPOINT WARNING * * *
The adder barely misses you. 😨 HP[-3]
You take 3 damage, and now have 13/39 hp.
You closely miss the adder. The adder barely misses you. 😨 MP[+1]
You closely miss the adder. The adder barely misses you.
The adder bites you but does no damage.
You closely miss the adder. The adder bites you but does no damage.
The adder bites you.
* * * LOW HITPOINT WARNING * * *
😨 HP[-1]
You take 1 damage, and now have 12/39 hp.
Aiming: Sandblast (safe; 4% risk of failure)
Press: ? - help, Q - select action, (/) - cycle Shift-Dir - straight line, f/p - orc
Aim: an orc, wielding a +0 flail and wearing a +0 chain mail (heavily wounded, can't see you, 86% to hit)
You feel a surge of power!
The blast of sand hits the adder!
You kill the adder!
Okawaru accepts your kill. 😨 HP[+1] MP[-1]
You lost 1 mp, and now have 0/7 mp.
You barely miss the orc. You hit the orc. The orc hits you with a +0 flail!
* * * LOW HITPOINT WARNING * * *
😱 HP[-7]
You take 7 damage, and now have 6/39 hp.
As you read the scroll labelled MAOTHR UCWUURO, it crumbles to dust.
The creatures around you are filled with an inner flame!
It was a scroll of immolation.
The orc barely misses you.
The orc closely misses you. 😱 MP[+1] 😱 HP[+1]
There is an open door here. 😱 HP[+1] 😱 MP[+1]
You see here a +0 spear {polearm}. 😱 HP[+1]
You flicker for a moment. 😱 MP[+1]
The orc's inner flame fades away. 😨 HP[+1]
You flicker back into view.
The orc attacks as you move away! The orc barely misses you.
The orc attacks as you move away! The orc hits you with a +0 flail.
* * * LOW HITPOINT WARNING * * *
The orc's inner flame fades away. 😱 HP[-1]
You take 1 damage, and now have 9/39 hp.
The orc attacks as you move away! The orc hits you with a +0 flail.
* * * LOW HITPOINT WARNING * * *
The orc's inner flame fades away. 😱 HP[-6] MP[+1]
You take 6 damage, and now have 3/39 hp. 😱 HP[+1]
You feel a little less clever now. The orc attacks as you move away!
The orc barely misses you. 😱 HP[+1] MP[+1]
The orc attacks as you move away! The orc hits you with a +0 flail!
You die...

Skill      XL: |  1  2  3  4 |
---------------+-------------+-----
Earth Magic    | 3 |  3.7
Maces & Flails | 1 |  1.6
Conjurations   | 1 |  1.3
Invocations    | 1 |  1.2
Dodging        | |  1.7
Stealth        | |  1.4
Spellcasting   | |  2.4
Transmutations | |  0.8

Action                   |  1- 3 |  4- 6 || total
-------------------------+-------+-------++-------
Melee: Unarmed           |    27 |       ||    27
       Club              |    63 |    23 ||    86
       Punch             |     1 |       ||     1
 Cast: Sandblast         |    37 |    14 ||    51
  Use: Potion            |     1 |     5 ||     6
       Scroll            |       |     1 ||     1
 Stab: Sleeping          |     1 |       ||     1
Armor: Robe              |    40 |    10 ||    50
Dodge: Dodged            |    58 |    24 ||    82

Levels and vault maps discovered:
D:1:      roderic_lyre, layout_basic, shapermc_ecumenical_altar_ellora,
          st_stairs_11, minmay_split_cup_small
D:2:      layout_basic, uniq_terence

Notes
Turn   | Place    | Note
-------+----------+-------------------------------------------
     0 | D:1      | spaghetti the Ogre Earth Elementalist began the quest for
                  | the Orb.
     0 | D:1      | Reached XP level 1. HP: 16/16 MP: 3/3
     0 | D:1      | magus.rc [v1.9.6]
   195 | D:1      | Reached skill level 3 in Earth Magic
   206 | D:1      | Reached XP level 2. HP: 10/24 MP: 0/5
   456 | D:1      | You pick up a book of Geomancy and begin reading...
   460 | D:1      | Learned a level 2 spell: Passwall
   480 | D:1      | Found a faded altar of an unknown god.
   763 | D:1      | Prayed at the altar of an unknown god.
   763 | D:1      | Became a worshipper of Warmaster Okawaru
   763 | D:1      | Reached * piety under Okawaru
  1070 | D:1      | Reached XP level 3. HP: 31/31 MP: 4/6
  1152 | D:1      | Learned a level 3 spell: Stone Arrow
  1578 | D:2      | Reached skill level 1 in Maces & Flails
  1746 | D:2      | You pick up a book of Burglary and begin reading...
  1746 | D:2      | You add the spells Ensorcelled Hibernation and Swiftness to
                  | your library.
  2209 | D:2      | Reached XP level 4. HP: 39/39 MP: 4/7
  2365 | D:2      | Reached skill level 1 in Conjurations
  2365 | D:2      | Reached skill level 1 in Invocations
  2401 | D:2      | HP: 6/39 [orc/+0 flail (7)]
  2433 | D:2      | HP: 9/39 [orc/+0 flail (1)]
  2435 | D:2      | HP: 3/39 [orc/+0 flail (6)]
  2447 | D:2      | Slain by an orc

Vanquished Creatures
  An orc wizard (D:2)
  2 adders (D:2)
  A worm (D:2)
  A dart slug (D:1)
  An orc (D:2)
  7 ball pythons (D:1)
  8 endoplasms
  2 giant cockroaches (D:2)
  4 goblins
  3 hobgoblins
  A quokka (D:1)
  4 bats
  6 frilled lizards
  4 kobolds
  2 rats
47 creatures vanquished.

Vanquished Creatures (others)
  A plant (D:1)
1 creature vanquished.

Grand Total: 48 creatures vanquished

Table legend:
 A = Non-vault XP
 B = Vault XP
 C = Vault XP percentage of total XP
 D = Non-vault monster count
 E = Vault monster count
 F = Vault count percentage of total count
                 A         B        C        D         E       F
            +---------+---------+-------+---------+---------+-------
      Total |     125 |      13 |   9.4 |      41 |       6 |  12.8
            +---------+---------+-------+---------+---------+-------
        D:1 |      33 |      13 |  28.3 |      22 |       6 |  21.4
        D:2 |      92 |       0 |   0.0 |      19 |       0 |   0.0
            +---------+---------+-------+---------+---------+-------

Illustrated notes

Table legend:
 A = Kills in this place as a percentage of kills in entire the game.
 B = Kills by you in this place as a percentage of kills by you in the entire game.
 C = Kills by friends in this place as a percentage of kills by friends in the entire game.
 D = Other kills in this place as a percentage of other kills in the entire game.
 E = Experience gained in this place as a percentage of experience gained in the entire game.
 F = Experience gained in this place divided by the number of levels of this place that you have seen.
                   A       B       C       D       E      F
               +-------+-------+-------+-------+-------+----------------------
         Total | 100.0 | 100.0 |   N/A |   N/A | 100.0 |  69.0
       Dungeon | 100.0 | 100.0 |   N/A |   N/A | 100.0 |  69.0
               +-------+-------+-------+-------+-------+----------------------

Table legend: (Time is in decaauts)
 A = Elapsed time spent in this place.
 B = Non-inter-level travel time spent in this place.
 C = Inter-level travel time spent in this place.
 D = Time resting spent in this place.
 E = Time spent auto-exploring this place.
 F = Levels seen in this place.
 G = Mean time per level.
                   A        B        C        D        E       F      G
               +--------+--------+--------+--------+--------+-----+--------+
         Total |   2467 |   2436 |     31 |     34 |   1953 |   2 | 1233.5 |
       Dungeon |   2467 |   2436 |     31 |     34 |   1953 |   2 | 1233.5 |
               +--------+--------+--------+--------+--------+-----+--------+

Top non-repeatable levels by time:
     D:1: 1473 daAuts
     D:2: 994 daAuts
